Map: Ley Lines

Players

AuDHD - Winner!

  • Race: Protoss Protoss
  • Spawn Location: 7:00

FalseHope

  • Race: Zerg Zerg
  • League: Diamond
  • Spawn Location: 1:00

VOD

Have the link to the VOD?

Description

Time

  • Played on: June 24, 2025, 3:34 a.m.
  • Length: 14:19
Show
View Real Time Build Order
Export as new Build Order

AuDHD Protoss - Winner!

Build Orders: 1 Gate Expand, Archon Immortal, Carriers, Archon Drop, Dark Templar Rush 

Get SALT Encoding   

  12  0:00  Probe  
  13  0:12  Probe  
  14  0:19  Pylon  
  14  0:24  Probe  
  15  0:37  Probe  
  15  0:38  Gateway  
  16  0:43  Assimilator  
  16  0:45  Probe  
  17  0:53  Probe  
  17  1:03  Probe  
  19  1:15  Probe  
  20  1:24  Nexus  
  20  1:34  Cybernetics Core  
  20  1:37  Probe  
  21  1:42  Assimilator  
  21  1:49  Probe  
  21  1:52  Pylon  
  22  2:01  Probe  
  23  2:02  Adept  
  23  2:12  Twilight Council  
  26  2:15  Probe  
  26  2:19  Warp Gate  
  26  2:21  Stalker  
  26  2:27  Probe  
  27  2:37  Probe  
  30  2:39  Probe  
  31  2:49  Probe  
  31  2:50  Robotics Facility  
  32  2:56  Adept  
  34  2:59  Probe  
  34  3:01  Probe  
  36  3:11  Probe  
  37  3:13  Probe  
  38  3:23  Probe, Dark Shrine  
  38  3:25  Probe  
  40  3:39  Gateway  
  40  3:40  Gateway  
  40  3:41  Probe x2  
  40  3:42  Gateway  
  40  3:44  Assimilator  
  40  3:45  Warp Prism  
  40  3:46  Assimilator  
  44  4:01  Pylon  
  44  4:02  Probe  
  45  4:04  Probe  
  45  4:09  Pylon  
  46  4:19  Probe x2  
  46  4:22  Adept  
  50  4:31  Adept  
  52  4:43  Dark Templar x3  
  56  4:46  Dark Templar  
  56  4:47  Probe  
  56  4:48  Probe  
  60  4:57  Immortal  
  60  4:58  Charge  
  62  5:05  Pylon  
  62  5:18  Nexus  
  62  5:19  Archon  
  62  5:20  Archon  
  62  5:23  Probe  
  62  5:25  Probe  
  64  5:35  Probe  
  65  5:37  Probe, Immortal  
  70  5:53  Pylon  
  70  6:04  Immortal  
  70  6:06  Forge, Pylon  
  70  6:10  Templar Archives  
  70  6:11  Probe x2  
  72  6:12  Shield Battery  
  76  6:23  Probe x2  
  78  6:30  Probe  
  79  6:33  Protoss Ground Weapons Level 1  
  79  6:35  Probe  
  79  6:38  Immortal  
  80  6:41  Probe  
  80  6:42  Psionic Storm, Probe  
  80  6:46  Photon Cannon  
  82  6:47  Photon Cannon  
  82  6:49  Pylon  
  82  6:50  High Templar x3  
  90  7:02  Probe x2  
  90  7:03  High Templar, Probe  
  95  7:09  Photon Cannon  
  95  7:12  Pylon  
  95  7:14  Assimilator  
  95  7:15  Assimilator, Photon Cannon  
  95  7:17  Immortal  
  95  7:21  Photon Cannon  
  95  7:23  Shield Battery  
  95  7:25  Pylon  
  95  7:29  Probe x2  
  101  7:34  Probe  
  102  7:39  High Templar x2  
  102  7:41  Probe  
  102  7:42  Probe  
  108  7:46  Zealot x2  
  108  7:49  Archon  
  112  7:52  Pylon  
  112  7:55  Observer  
  112  7:57  Probe x3  
  116  8:09  Gateway, Immortal  
  116  8:10  Gateway  
  116  8:13  Gateway  
  116  8:15  Gateway  
  120  8:22  High Templar x2  
  124  8:34  Nexus  
  124  8:41  Protoss Ground Weapons Level 2  
  124  8:43  Pylon  
  124  8:46  Stargate  
  122  8:49  Pylon  
  120  8:58  Warp Prism  
  120  8:59  Zealot x4  
  120  9:00  Protoss Air Weapons Level 1  
  126  9:19  High Templar x4  
  126  9:20  Zealot x4  
  126  9:22  Archon  
  126  9:23  Archon  
  141  9:41  Immortal  
  131  9:53  Fleet Beacon  
  131  9:55  Stargate  
  131  9:56  Probe x3  
  131  9:57  Pylon  
  134  10:00  Assimilator, Stargate  
  134  10:01  Assimilator  
  134  10:02  Photon Cannon x2  
  134  10:03  Shield Battery, Probe  
  135  10:08  Probe  
  136  10:14  Observer  
  136  10:17  Zealot  
  136  10:18  Zealot x6  
  143  10:31  Observer  
  143  10:34  Archon x2  
  128  10:48  High Templar  
  128  10:49  High Templar x3  
  136  10:53  Carrier  
  130  11:18  Carrier x2  
  140  11:19  Protoss Ground Weapons Level 3  
  140  11:32  Nexus  
  140  11:36  Observer  
  140  11:39  Nexus  
  140  11:40  Protoss Air Weapons Level 2  
  140  11:44  Observer  
  139  11:49  Observer  
  135  11:57  Observer  
  135  11:59  Carrier  
  141  12:12  Immortal  
  145  12:22  Carrier  
  142  12:31  Zealot x8  
  142  12:37  Probe x3  
  160  12:40  Assimilator  
  160  12:44  Assimilator  
  163  12:52  High Templar x4  
  163  12:53  High Templar  
  163  12:54  High Templar  
  163  12:55  Carrier  
  179  13:04  Observer  
  166  13:17  Observer  
  177  13:54  Nexus  
  177  13:55  Observer  
Show
View Real Time Build Order
Export as new Build Order

FalseHope Zerg 

Build Orders: Hatch First, Lurkers, Roach Hydra 

Get SALT Encoding   

  12  0:00  Drone  
  13  0:15  Overlord  
  13  0:19  Drone  
  14  0:34  Drone x2  
  16  0:38  Drone  
  17  0:52  Hatchery  
  17  0:54  Drone  
  17  1:00  Drone  
  18  1:10  Spawning Pool  
  17  1:15  Drone, Extractor  
  17  1:22  Drone  
  18  1:32  Drone  
  19  1:47  Overlord  
  19  2:06  Queen x2  
  19  2:08  Zergling x4  
  25  2:09  Drone  
  26  2:18  Metabolic Boost  
  26  2:20  Drone  
  26  2:21  Drone  
  28  2:26  Drone x2  
  30  2:36  Hatchery  
  29  2:40  Drone x2  
  31  2:50  Queen  
  33  3:02  Overlord  
  33  3:06  Drone  
  33  3:07  Drone  
  33  3:08  Drone  
  36  3:29  Drone x7  
  36  3:31  Lair  
  36  3:34  Extractor  
  42  3:38  Roach Warren  
  42  3:41  Overlord  
  41  3:43  Drone  
  42  3:59  Drone x2  
  42  4:00  Drone x3  
  42  4:01  Drone x2  
  49  4:03  Extractor  
  49  4:08  Overlord  
  49  4:09  Overlord  
  48  4:11  Zergling x2  
  49  4:18  Roach x4  
  57  4:24  Overlord  
  57  4:32  Glial Reconstitution  
  57  4:33  Roach  
  57  4:34  Zergling x12  
  65  4:54  Overseer  
  65  4:56  Roach x3  
  65  4:57  Zergling x6  
  72  5:11  Drone  
  71  5:16  Drone x3  
  71  5:17  Evolution Chamber  
  71  5:19  Extractor  
  72  5:22  Drone  
  72  5:23  Hatchery  
  72  5:24  Pneumatized Carapace  
  72  5:29  Drone x2  
  74  5:40  Hatchery  
  69  5:52  Zerg Missile Weapons Level 1  
  69  5:54  Queen  
  71  6:01  Roach x2  
  71  6:02  Overlord x2  
  71  6:03  Overlord x2  
  75  6:07  Drone  
  76  6:12  Hydralisk Den  
  75  6:23  Overlord  
  75  6:26  Drone  
  75  6:29  Roach  
  75  6:30  Roach x3  
  75  6:32  Drone x3  
  87  6:40  Queen  
  87  6:41  Hydralisk, Muscular Augments  
  87  6:42  Hydralisk x3  
  97  6:49  Overseer  
  96  7:06  Drone x10  
  106  7:23  Lurker Den  
  105  7:35  Hydralisk x8  
  121  7:39  Overlord  
  121  7:42  Overlord  
  121  7:45  Grooved Spines  
  121  7:46  Hatchery  
  120  7:53  Drone x5  
  120  7:54  Drone x2  
  120  7:56  Zerg Missile Weapons Level 2  
  127  8:05  Infestation Pit  
  126  8:07  Extractor  
  126  8:09  Spore Crawler  
  126  8:12  Drone x4  
  128  8:13  Drone  
  128  8:14  Overlord x3  
  128  8:15  Hydralisk  
  131  8:24  Extractor  
  130  8:32  Spine Crawler  
  129  8:42  Hydralisk x3, Spine Crawler  
  129  8:43  Hydralisk x5  
  129  8:44  Spore Crawler  
  140  8:51  Lurker  
  140  8:52  Lurker  
  141  8:59  Lurker  
  141  9:00  Zergling x4, Roach  
  141  9:01  Zergling x12  
  125  9:12  Hydralisk  
  125  9:13  Hydralisk x3  
  133  9:18  Lurker  
  110  9:50  Roach  
  110  9:51  Roach x11  
  134  9:54  Hive  
  134  10:04  Hydralisk x6  
  146  10:07  Spore Crawler  
  146  10:09  Drone  
  146  10:10  Spore Crawler, Drone x9  
  154  10:18  Hydralisk x2  
  120  10:42  Hydralisk x4  
  98  10:43  Hydralisk x7  
  120  11:02  Roach x11  
  120  11:03  Roach  
  131  11:16  Lurker x2  
  131  11:18  Roach x2  
  135  11:19  Drone x5  
  135  11:22  Extractor  
  135  11:23  Extractor  
  135  11:24  Spine Crawler  
  137  11:27  Seismic Spines  
  137  11:43  Hydralisk  
  137  11:44  Hydralisk x4  
  135  11:53  Zergling x22  
  121  12:10  Roach  
  121  12:11  Roach x8  
  112  12:24  Hydralisk  
  112  12:25  Hydralisk x5  
  112  12:26  Zergling x2  
  123  12:32  Hydralisk x3  
  123  12:36  Lurker  
  130  12:47  Lurker  
  130  12:48  Lurker, Zergling x2  
  130  12:49  Zergling x20  
  128  13:12  Drone x17  
  127  13:25  Hydralisk  
  127  13:26  Hydralisk x3  
  121  13:28  Zergling x4  
  123  13:39  Lurker  
  123  13:40  Lurker  
  125  13:45  Spine Crawler  
  125  13:47  Spine Crawler  
  125  13:48  Drone x5  
  124  13:53  Spore Crawler  
  127  13:57  Spore Crawler  
Tags
 
Add a new tag
Caveats
  • Supply blocks, unpowered buildings, or Contaminate may cause inaccurate times.
  • Supply counts are checked every 10 seconds.